General information
- name: BNet
- type: Ladder team game (AT/RT)
- host: Battle.net
- saver: Svengali
map: Mur'gulOasis
- players: 8
- length: 21:51
- speed: Fast
- version: 1.27 W3XP
- replay type: Public
» download(130 KB)
Players
team 1 (loser)

»
MkUltra (
yellow | 59 APM | 1296 actions | 21:50)
8 Goblin Tinker
3 Pocket Factory
3 Engineering Upgrade
1 Robo-Goblin
1 Cluster Rockets
» actions
| Assign group hotkey | 15 | |
| Basic commands | 168 | |
| Build / train | 67 | |
| Enter build submenu | 16 | |
| Enter hero's abilities submenu | 8 | |
| Give item / drop item | 3 | |
| Right click | 285 | |
| Select / deselect | 267 | |
| Select group hotkey | 405 | |
| Use ability | 62 | |
1296 total
» units
| Wisp | 17 | |
| Archer | 8 | |
| Faerie Dragon | 2 | |
| Hippogryph | 10 | |
| Chimaera | 8 | |
45 total
» upgrades
» buildings
| Ancient of War | 1 | |
| Moon Well | 6 | |
| Altar of Elders | 1 | |
| Tree of Ages | 1 | |
| Tree of Eternity | 1 | |
| Ancient of Wind | 3 | |
| Ancient of Wonders | 1 | |
| Chimaera Roost | 2 | |
| Tree of Life | 1 | |
17 total
» build order
00:09 Ancient of War
00:21 Moon Well
00:38 Altar of Elders
01:27 Moon Well
03:47 Tree of Ages
03:50 Moon Well
06:08 Moon Well
06:14 Tree of Eternity
06:39 Ancient of Wind
06:40 Ancient of Wind
06:43 Ancient of Wonders
06:46 Ancient of Wind
08:56 Chimaera Roost
08:57 Chimaera Roost
09:23 Moon Well
14:54 Moon Well
16:12 Tree of Life
» items
| Boots of Speed | 1 | |
| Orb of Venom | 1 | |
| Scroll of Town Portal | 2 | |
| Staff of Sanctuary | 4 | |
| Staff of Teleportation | 1 | |
9 total

»
bye-bye (
blue | 44 APM | 971 actions | 21:50)
5 Blademaster
3 Wind Walk
1 Mirror Image
1 Critical Strike
» actions
| Assign group hotkey | 25 | |
| Build / train | 66 | |
| Enter build submenu | 19 | |
| Enter hero's abilities submenu | 5 | |
| Right click | 297 | |
| Select / deselect | 200 | |
| Select group hotkey | 320 | |
| Use ability | 39 | |
971 total
» units
| Peon | 9 | |
| Wind Rider | 30 | |
| Troll Batrider | 3 | |
42 total
» upgrades
| Spiked Barricades | 3 | |
| Ranged Weapons | 2 | |
| Armor | 2 | |
| Envenomed Spears | 1 | |
| Liquid Fire | 1 | |
| Reinforced Defenses | 1 | |
10 total
» buildings
| Altar of Storms | 1 | |
| Orc Burrow | 6 | |
| War Mill | 1 | |
| Voodoo Lounge | 1 | |
| Watch Tower | 5 | |
| Stronghold | 2 | |
| Beastiary | 2 | |
| Fortress | 1 | |
19 total
» build order
00:10 Altar of Storms
00:15 Orc Burrow
00:54 War Mill
01:17 Voodoo Lounge
02:10 Watch Tower
02:21 Watch Tower
02:52 Stronghold
02:52 Stronghold
03:04 Orc Burrow
03:39 Watch Tower
04:30 Watch Tower
05:00 Orc Burrow
05:17 Beastiary
05:32 Fortress
06:14 Beastiary
08:14 Orc Burrow
08:59 Orc Burrow
11:49 Orc Burrow
16:19 Watch Tower
» items
| Healing Salve | 3 | |
| Orb of Lightning | 1 | |
| Lesser Clarity Potion | 1 | |
5 total
aksiriuss (
orange | 41 APM | 902 actions | 21:50)
6 Archmage
3 Blizzard
2 Brilliance Aura
1 Mass Teleport
» actions
| Assign group hotkey | 16 | |
| Basic commands | 13 | |
| Build / train | 57 | |
| Enter build submenu | 20 | |
| Enter hero's abilities submenu | 6 | |
| Remove unit from queue | 3 | |
| Right click | 371 | |
| Select / deselect | 158 | |
| Select group hotkey | 185 | |
| Use ability | 73 | |
902 total
» units
| Peasant | 9 | |
| Sorceress | 7 | |
| Priest | 5 | |
| Spell Breaker | 4 | |
25 total
» upgrades
| Plating | 2 | |
| Masonry | 1 | |
| Lumber Harvesting | 1 | |
| Priest Training | 2 | |
| Sorceress Training | 2 | |
| Magic Sentry | 1 | |
9 total
» buildings
| Altar of Kings | 1 | |
| Farm | 8 | |
| Lumber Mill | 1 | |
| Arcane Vault | 1 | |
| Scout Tower | 4 | |
| Guard Tower | 4 | |
| Keep | 1 | |
| Blacksmith | 1 | |
| Arcane Sanctum | 2 | |
| Castle | 1 | |
24 total
» build order
00:14 Altar of Kings
00:16 Farm
00:52 Farm
01:22 Lumber Mill
01:30 Arcane Vault
02:33 Scout Tower
02:35 Scout Tower
03:03 Guard Tower
03:05 Guard Tower
03:07 Keep
03:10 Scout Tower
03:13 Farm
03:24 Blacksmith
03:39 Guard Tower
04:29 Scout Tower
05:18 Guard Tower
05:36 Arcane Sanctum
05:40 Arcane Sanctum
05:58 Castle
07:09 Farm
08:15 Farm
08:55 Farm
09:37 Farm
15:24 Farm
» items
| Scroll of Regeneration | 4 | |
| Lesser Clarity Potion | 1 | |
| Scroll of Town Portal | 1 | |
| Orb of Fire | 1 | |
7 total

»
DexterTassJoker (
pink | 30 APM | 647 actions | 21:50)
6 Demon Hunter
2 Immolation
3 Evasion
1 Metamorphosis
» actions
| Build / train | 65 | |
| Enter build submenu | 20 | |
| Enter hero's abilities submenu | 6 | |
| Give item / drop item | 3 | |
| Right click | 247 | |
| Select / deselect | 259 | |
| Use ability | 47 | |
647 total
» units
| Wisp | 22 | |
| Hippogryph | 9 | |
| Chimaera | 5 | |
36 total
» upgrades
| Strength of the Wild | 3 | |
| Ultravision | 1 | |
| Reinforced Hides | 3 | |
| Well Spring | 1 | |
| Corrosive Breath | 1 | |
9 total
» buildings
| Moon Well | 8 | |
| Hunter's Hall | 1 | |
| Altar of Elders | 1 | |
| Ancient Protector | 4 | |
| Ancient of Wonders | 1 | |
| Tree of Ages | 2 | |
| Ancient of Wind | 2 | |
| Tree of Eternity | 1 | |
| Chimaera Roost | 2 | |
22 total
» build order
00:22 Moon Well
00:26 Moon Well
00:39 Hunter's Hall
01:25 Moon Well
01:48 Altar of Elders
02:14 Ancient Protector
02:28 Moon Well
02:36 Ancient of Wonders
03:07 Ancient Protector
03:22 Ancient Protector
03:57 Ancient Protector
04:05 Tree of Ages
04:05 Tree of Ages
04:49 Moon Well
05:50 Moon Well
06:33 Ancient of Wind
06:39 Ancient of Wind
06:46 Moon Well
07:41 Moon Well
08:44 Tree of Eternity
12:37 Chimaera Roost
14:06 Chimaera Roost
» items
| Dust of Appearance | 2 | |
| Boots of Speed | 1 | |
| Potion of Lesser Invulnerability | 2 | |
| Orb of Lightning | 2 | |
| Scroll of Healing | 1 | |
| Potion of Healing | 1 | |
9 total
team 2 (winner)
sorryforthat (
teal | 76 APM | 1427 actions | 18:49)
4 Priestess of the Moon
2 Searing Arrows
2 Trueshot Aura
3 Keeper of the Grove
2 Entangling Roots
1 Thorns Aura
» actions
| Assign group hotkey | 38 | |
| Basic commands | 95 | |
| Build / train | 75 | |
| Enter build submenu | 12 | |
| Enter hero's abilities submenu | 7 | |
| Right click | 486 | |
| Select / deselect | 332 | |
| Select group hotkey | 320 | |
| Use ability | 62 | |
1427 total
» units
| Wisp | 18 | |
| Archer | 8 | |
| Hippogryph | 12 | |
38 total
» upgrades
| Strength of the Moon | 2 | |
| Moon Armor | 2 | |
| Improved Bows | 1 | |
| Hippogryph Taming | 1 | |
| Strength of the Wild | 2 | |
| Reinforced Hides | 1 | |
9 total
» buildings
| Altar of Elders | 1 | |
| Moon Well | 5 | |
| Ancient of War | 2 | |
| Ancient of Wonders | 1 | |
| Tree of Life | 1 | |
| Hunter's Hall | 1 | |
| Tree of Ages | 1 | |
| Ancient of Wind | 2 | |
14 total
» build order
00:06 Altar of Elders
00:09 Moon Well
01:01 Ancient of War
01:25 Moon Well
01:55 Ancient of War
02:53 Ancient of Wonders
03:17 Tree of Life
04:56 Hunter's Hall
06:01 Tree of Ages
06:31 Moon Well
08:36 Ancient of Wind
08:38 Ancient of Wind
09:15 Moon Well
09:16 Moon Well
» items
| Dust of Appearance | 1 | |
| Lesser Clarity Potion | 2 | |
| Moonstone | 2 | |
| Staff of Preservation | 1 | |
| Potion of Healing | 3 | |
| Scroll of Regeneration | 1 | |
| Scroll of Town Portal | 3 | |
| Orb of Lightning | 1 | |
| Scroll of Speed | 1 | |
| Healing Salve | 1 | |
16 total
Svengali (
green | 58 APM | 1261 actions | 21:51)
7 Blademaster
3 Wind Walk
3 Critical Strike
1 Bladestorm
» actions
| Assign group hotkey | 81 | |
| Basic commands | 2 | |
| Build / train | 47 | |
| Enter build submenu | 18 | |
| Enter hero's abilities submenu | 7 | |
| Give item / drop item | 1 | |
| Remove unit from queue | 1 | |
| Right click | 700 | |
| Select / deselect | 196 | |
| Select group hotkey | 89 | |
| Use ability | 119 | |
1261 total
» units
| Peon | 12 | |
| Grunt | 4 | |
| Troll Batrider | 13 | |
29 total
» buildings
| Altar of Storms | 1 | |
| Orc Burrow | 5 | |
| Barracks | 1 | |
| Stronghold | 1 | |
| War Mill | 1 | |
| Voodoo Lounge | 2 | |
| Beastiary | 2 | |
| Watch Tower | 4 | |
| Fortress | 1 | |
18 total
» build order
04:04 Altar of Storms
04:07 Orc Burrow
04:26 Barracks
05:35 Orc Burrow
06:07 Orc Burrow
06:10 Orc Burrow
07:20 Stronghold
07:32 War Mill
08:29 Voodoo Lounge
08:33 Orc Burrow
09:27 Voodoo Lounge
09:46 Beastiary
09:46 Beastiary
11:11 Watch Tower
11:11 Watch Tower
16:13 Fortress
16:15 Watch Tower
16:16 Watch Tower
» items
| Scroll of Town Portal | 1 | |
| Healing Salve | 1 | |
| Lesser Clarity Potion | 2 | |
| Orb of Lightning | 1 | |
| Boots of Speed | 1 | |
| Staff of Teleportation | 1 | |
7 total
moa_kj (
red | 39 APM | 833 actions | 21:10)
4 Blademaster
1 Wind Walk
2 Critical Strike
1 Mirror Image
2 Shadow Hunter
1 Hex
1 Healing Wave
» actions
| Basic commands | 25 | |
| Build / train | 53 | |
| Enter build submenu | 30 | |
| Enter hero's abilities submenu | 6 | |
| Right click | 322 | |
| Select / deselect | 289 | |
| Use ability | 108 | |
833 total
» units
| Peon | 13 | |
| Troll Witch Doctor | 1 | |
| Troll Batrider | 10 | |
24 total
» upgrades
| Ranged Weapons | 2 | |
| Reinforced Defenses | 1 | |
| Liquid Fire | 1 | |
4 total
» buildings
| Orc Burrow | 4 | |
| Altar of Storms | 1 | |
| War Mill | 1 | |
| Voodoo Lounge | 1 | |
| Watch Tower | 12 | |
| Stronghold | 1 | |
| Fortress | 1 | |
| Spirit Lodge | 2 | |
| Beastiary | 3 | |
| Workshop | 1 | |
27 total
» build order
00:25 Orc Burrow
00:31 Altar of Storms
01:13 War Mill
01:22 Voodoo Lounge
01:41 Orc Burrow
02:31 Orc Burrow
02:39 Watch Tower
03:51 Watch Tower
04:39 Stronghold
04:48 Watch Tower
05:41 Watch Tower
06:11 Watch Tower
06:22 Orc Burrow
06:59 Watch Tower
07:00 Fortress
07:29 Spirit Lodge
08:07 Beastiary
09:01 Beastiary
09:43 Watch Tower
10:02 Watch Tower
12:06 Watch Tower
12:35 Workshop
14:02 Beastiary
14:05 Watch Tower
14:16 Watch Tower
14:18 Watch Tower
19:34 Spirit Lodge
» items
| Healing Salve | 2 | |
| Scroll of Speed | 2 | |
| Lesser Clarity Potion | 1 | |
| Potion of Healing | 4 | |
| Scroll of Town Portal | 1 | |
| Orb of Lightning | 2 | |
12 total

»
Clarence (
purple | 39 APM | 475 actions | 12:16)
3 Archmage
1 Summon Water Elemental
1 Blizzard
1 Brilliance Aura
» actions
| Build / train | 51 | |
| Enter build submenu | 21 | |
| Enter hero's abilities submenu | 3 | |
| Remove unit from queue | 1 | |
| Right click | 206 | |
| Select / deselect | 162 | |
| Use ability | 31 | |
475 total
» units
| Peasant | 10 | |
| Footman | 6 | |
| Rifleman | 7 | |
| Priest | 3 | |
| Sorceress | 3 | |
29 total
» upgrades
| Masonry | 1 | |
| Long Rifles | 1 | |
| Lumber Harvesting | 1 | |
| Swords | 0 | |
| Gunpowder | 1 | |
| Priest Training | 2 | |
| Sorceress Training | 2 | |
8 total
» buildings
| Altar of Kings | 1 | |
| Farm | 7 | |
| Barracks | 1 | |
| Lumber Mill | 1 | |
| Arcane Vault | 1 | |
| Keep | 1 | |
| Scout Tower | 5 | |
| Guard Tower | 5 | |
| Blacksmith | 1 | |
| Arcane Sanctum | 2 | |
| Castle | 1 | |
26 total
» build order
00:25 Altar of Kings
00:39 Farm
00:55 Barracks
01:58 Farm
02:09 Lumber Mill
03:15 Arcane Vault
04:09 Keep
04:14 Scout Tower
04:15 Scout Tower
04:28 Farm
05:06 Guard Tower
05:20 Blacksmith
05:26 Farm
05:27 Guard Tower
06:54 Arcane Sanctum
07:17 Arcane Sanctum
07:47 Farm
07:47 Farm
07:52 Scout Tower
07:55 Scout Tower
07:56 Scout Tower
09:32 Castle
09:44 Guard Tower
10:26 Guard Tower
10:50 Guard Tower
10:54 Farm
» items
Chat log
(00:07 / Allies) Svengali: share control
(00:12 / Allies) sorryforthat: green?
(00:15 / Allies) sorryforthat: why?
(00:19 / Allies) Svengali: we team
(00:30 / Allies) sorryforthat: sorry i had some bad experience with that
(00:40 / Allies) Svengali: sorry for that
(00:43 / Allies) sorryforthat: np
(00:45 / Allies) sorryforthat: so
(00:49 / Allies) sorryforthat: potm kotg
(00:52 / Allies) sorryforthat: hipporiders
(01:17 / Allies) sorryforthat: ....
(01:38 / Allies) sorryforthat: purple red
(01:43 / Allies) sorryforthat: help me get greens base
(02:36 / Allies) sorryforthat: come please
(03:27 / Allies) Svengali: tk?
(03:31 / Allies) Svengali: why tk?
(03:35 / Allies) sorryforthat: you are not playing?
(03:38 / Allies) sorryforthat: i need the mine
(03:40 / Allies) Svengali: I gave control
(03:51 / Allies) sorryforthat: awe cant build
(03:55 / Allies) Svengali: oh
(03:58 / Allies) Svengali: I will build
(04:02 / Allies) sorryforthat: wow
(04:04 / Allies) sorryforthat: are you that new?
(04:12 / Allies) Svengali: mom buyed me this game 1 week ago
(04:19 / Allies) sorryforthat: ...
(04:23 / Allies) sorryforthat: sad troll
(04:33 / Allies) Svengali: i beat the campaign yesterday
(05:17 / Allies) sorryforthat: so you want us to play for you?
(05:23 / Allies) Svengali: if u want
(05:28 / Allies) sorryforthat: :))
(05:34 / Allies) sorryforthat: if we can actually
(07:33 / Allies) sorryforthat: i think we lost this so bad..
(08:51 / Allies) sorryforthat: spare wood?
(08:55 / Allies) sorryforthat: green
(09:02 / Allies) sorryforthat: can you give me 1.5k gold?
(09:12 / Allies) sorryforthat: thx
(10:51 / Allies) moa_kj: ok bye
(10:54 / Allies) sorryforthat: wait
(11:13 / Allies) sorryforthat: dont be that sensitive
(11:17 / Allies) sorryforthat: purple is also attacked
(12:40 / Allies) sorryforthat: green
(12:43 / Allies) sorryforthat: give me all our gold?
(12:53 / Allies) sorryforthat: thx
(12:55 / Allies) moa_kj: lol
(14:23 / Allies) sorryforthat: damn you were ba
(14:35 / Allies) sorryforthat: green
(14:42 / Allies) sorryforthat: please play something else
(14:45 / Allies) sorryforthat: uninstall this
(14:47 / Allies) Svengali: why
(14:49 / Allies) sorryforthat: try DotA, LoL
(14:56 / Allies) sorryforthat: you are wasting peoples time?
(15:04 / Allies) Svengali: did you start off as a pro?
(15:16 / Allies) sorryforthat: i started @ 2002
(15:21 / Allies) Svengali: so
(15:32 / Allies) sorryforthat: you see the people skill ?
(15:40 / Allies) Svengali: yours doesn't seem too good
(15:48 / Allies) sorryforthat: hahaha
(15:53 / Allies) sorryforthat: check the scoring table
(16:00 / Allies) sorryforthat: its the only proof beside words
(16:02 / Allies) Svengali: mine will be higher
(16:09 / Allies) sorryforthat: HAHAHAHAH!
(16:23 / Allies) Svengali: why are you laughing at truth
(18:32 / Allies) sorryforthat: going to check the score now
(18:36 / Allies) sorryforthat: if we wait more time
(18:40 / Allies) sorryforthat: you could get ahead
(18:43 / Allies) Svengali: already ahead
(18:44 / Allies) Svengali: by a lot
(18:45 / Allies) sorryforthat: because you still have a base